 Dungeon Crawl Stone Soup version 0.19.1 (webtiles) character file.

80 ChaseSP the Shield-Bearer (level 4, -2/35 HPs)
             Began as a Formicid Fighter on Dec 3, 2016.
             Slain by a hobgoblin
             ... wielding a +0 club
             ... led by Robin
              (3 damage)
             ... on level 2 of the Dungeon on Dec 4, 2016.
             The game lasted 00:03:33 (1103 turns).

ChaseSP the Shield-Bearer (Formicid Fighter)        Turns: 1103, Time: 00:03:34

Health: -2/35      AC:  8    Str: 20    XL:     4   Next: 65%
Magic:  4/4        EV:  8    Int: 11    God:
Gold:   44         SH:  9    Dex: 11    Spells: 0 memorised, 3 levels left

rFire  . . .     SeeInvis +     a - +0 war axe
rCold  . . .     Gourm    .     b - +0 scale mail
rNeg   . . .     Faith    .     c - +0 shield
rPois  .         Spirit   .     (helmet unavailable)
rElec  .         Reflect  .     (no cloak)
rCorr  .         Harm     .     (no gloves)
MR     .....                    n - +0 pair of boots
Stlth  ..........               (no amulet)
                                m - +3 ring of intelligence
                                e - ring of loudness (curse)

@: lethally poisoned (-2 -> -14)
A: permanent stasis, dig shafts and tunnels, four strong arms, antennae 3
a: Dig, Shaft Self


You were on level 2 of the Dungeon.
You were not hungry.

You visited 1 branch of the dungeon, and saw 2 of its levels.

You collected 44 gold pieces.

Inventory:

Hand Weapons
 a - a +0 war axe (weapon)
Armour
 b - a +0 scale mail (worn)
 c - a +0 shield (worn)
 n - a +0 pair of boots (worn)
Jewellery
 e - a cursed ring of loudness (left hand)
 m - a +3 ring of intelligence (right hand)
Scrolls
 i - a scroll of fog {unknown}
 j - a scroll of remove curse {unknown}
 k - a scroll of identify {unknown}
Potions
 d - a potion of might
 g - a potion of brilliance {unknown}
 h - a potion of resistance {unknown}
 o - 2 potions of cancellation {unknown}
Comestibles
 f - 2 bread rations
 l - 3 chunks of flesh


   Skills:
 - Level 3.2 Fighting
 * Level 3.9 Axes
 - Level 3.2 Armour
 + Level 4.5 Shields


You had 3 spell levels left.
You didn't know any spells.

Dungeon Overview and Level Annotations

Branches:
Dungeon (2/15)

Altars:

Annotations:
D:2 Robin


Innate Abilities, Weirdness & Mutations

You are under a permanent stasis effect.
You can dig through walls and to a lower floor.
Your four strong arms can wield two-handed weapons with a shield.
You have a pair of large antennae on your head. (SInv)


Message History

* * * LOW HITPOINT WARNING * * *
Robin roars a battlecry!
The goblin goes into a battle-frenzy!
An adder comes into view.
The adder hisses angrily.
You hit Robin.
Robin is almost dead.
You slash the goblin!
You kill the goblin!
Your shield and scale mail prevent you from hitting the hobgoblin.
* * * LOW HITPOINT WARNING * * *
You feel sick. Robin throws the goblin at you!
The goblin hits you but does no damage.
You barely miss Robin.
Robin is almost dead.
You hit the hobgoblin but do no damage.
Your shield and scale mail prevent you from hitting the goblin.
* * * LOW HITPOINT WARNING * * *
You feel sick. The hobgoblin hits you with a club.
You die...

#..####.# #.#.#
##
#..####.#####.#.#
#
#..#(......##.#.#
#
#..........##.#.#
#
#.##...>.?.##.#.#
#...............#
###...)...######
### #..g))).# #..
#)..@g..# #.#
###g†####
#.######.# .S...
#.......#
#.####.#
#.######.# .. ..
{ #.# #. .#. #..
# .#. ### .# .


You could see Robin, an adder, a hobgoblin and a goblin.

Vanquished Creatures
  An ooze (D:1)
  A worm (D:1)
  3 dart slugs
  13 goblins
  13 hobgoblins
  6 jackals
  6 kobolds
  A ball python (D:2)
  6 bats
  3 frilled lizards (D:1)
  5 rats
58 creatures vanquished.

Notes
Turn   | Place    | Note
-------+----------+-------------------------------------------
     0 | D:1      | ChaseSP the Formicid Fighter began the quest for the Orb.
     0 | D:1      | Reached XP level 1. HP: 18/18 MP: 1/1
   324 | D:1      | Reached XP level 2. HP: 22/24 MP: 2/2
   379 | D:1      | Reached skill level 4 in Shields
   379 | D:1      | Reached XP level 3. HP: 22/29 MP: 3/3
   640 | D:1      | You fall through a shaft!
   904 | D:1      | Reached XP level 4. HP: 27/35 MP: 4/4
  1090 | D:2      | Noticed Robin
  1103 | D:2      | HP: 1/35 [poisoned by Robin]
  1103 | D:2      | Slain by a hobgoblin

Skill      XL: |  1  2 |
---------------+-------+-----
Axes           | 3 |  3.9
Shields        | 4 |  4.5
Fighting       | |  3.2
Armour         | |  3.2

Action                   |  1- 3 |  4- 6 || total
-------------------------+-------+-------++-------
Melee: War axe           |   124 |    44 ||   168
  Eat: Chunk             |       |     1 ||     1
Armor: Scale mail        |    52 |    34 ||    86
Dodge: Dodged            |    48 |    22 ||    70
Block: Shield            |    65 |    35 ||   100
